 Dungeon Crawl Stone Soup version 0.30-a0-219-gf2db51d15e (webtiles) character file.

Game seed: 15551734026784925374

6130 IdlyInterested the Slicer (level 10, -1/63 HPs)
             Began as a Demonspawn Wanderer on Oct 5, 2022.
             Was a Follower of Hepliaklqana.
             Slain by Grum
             ... wielding a +0 spear
              (16 damage)
             ... on level 1 of the Lair of Beasts on Oct 6, 2022.
             The game lasted 00:45:00 (8763 turns).

IdlyInterested the Slicer (Demonspawn Wanderer)     Turns: 8763, Time: 00:45:01

Health: -1/63      AC:  4    Str:  9    XL:     10   Next: 59%
Magic:  12/14      EV: 14    Int: 24    God:    Hepliaklqana [*.....]
Gold:   488        SH:  0    Dex: 18    Spells: 11/15 levels left

rFire   . . .      SeeInvis .    r - +2 dagger (elec)
rCold   . . .      Faith    .    (no shield)
rNeg    + . .      Spirit   .    w - +0 robe of Slovenliness {rN+ rCorr Archmagi}
rPois   .          Reflect  .    (no helmet)
rElec   .          Harm     .    k - +1 cloak
rCorr   +          Rampage  .    (no gloves)
Will    .....      Archmagi +    (no boots)
Stlth   +++.......               g - amulet of regeneration
HPRegen 1.10/turn                J - +4 ring of slaying
MPRegen 0.14/turn                D - +6 ring of intelligence

@: no status effects
A: reduced essence, ignite blood 1, big brain 1, demonic magic 2, demonic touch
1
a: Renounce Religion, Recall Ancestor, Ancestor Identity


You were on level 1 of the Lair of Beasts.
You worshipped Hepliaklqana.
Hepliaklqana was aware of your devotion.
You visited 3 branches of the dungeon, and saw 11 of its levels.

You collected 520 gold pieces.
You spent 32 gold pieces at shops.

Inventory:

Hand Weapons
 c - a +1 falchion of flaming
 f - a +0 dagger
 r - a +2 dagger of electrocution (weapon)
 K - a +0 dagger of speed
Missiles
 j - 2 throwing nets
 q - 17 boomerangs
 x - 27 poisoned darts
 y - a curare-tipped dart
Armour
 e - a +2 scale mail of willpower
 k - a +1 cloak (worn)
 t - +0 shadow dragon scales
 w - the +0 robe of Slovenliness (worn) {rN+ rCorr Archmagi}
   (You found it on level 3 of the Dungeon)

   rN:        It protects you from negative energy.
   rCorr:     It protects you from acid and corrosion.
   Archmagi:  It increases the power of your magical spells.
 A - the +2 robe "Vuomo" {rPois rF++ Stlth+}
   (You found it on level 1 of the Lair of Beasts)

   rF:        It greatly protects you from fire.
   rPois:     It protects you from poison.
   Stlth:     It makes you more stealthy.
Magical Staves
 F - a staff of air
 H - a staff of death
Jewellery
 g - an amulet of regeneration (around neck)
 l - a ring of poison resistance
 n - a ring of fire
 v - an amulet of guardian spirit
 D - a +6 ring of intelligence (right hand)
 I - a ring of positive energy
 J - a +4 ring of slaying (left hand)
Wands
 h - a wand of flame (40)
 m - a wand of quicksilver (10)
 B - a wand of polymorph (9)
 C - a wand of iceblast (10)
 E - a wand of paralysis (24)
Scrolls
 p - 3 scrolls of immolation
 L - a scroll of teleportation
 M - a scroll of poison {unknown}
Potions
 a - 2 potions of attraction
 b - 2 potions of invisibility
 d - 6 potions of curing
 i - 2 potions of might
 o - 3 potions of flight
 s - a potion of magic
 u - 3 potions of berserk rage
 z - 4 potions of brilliance
 N - a potion of resistance
 O - a potion of haste


   Skills:
 - Level 4.0 Fighting
 * Level 8.7 Short Blades
 - Level 1.0 Polearms
 - Level 2.0 Throwing
 - Level 1.0 Armour
 - Level 5.0 Dodging
 + Level 4.0 Stealth
 - Level 4.0 Unarmed Combat
 - Level 3.0 Spellcasting
 - Level 3.0 Conjurations
 * Level 6.7 Hexes
 - Level 3.0 Translocations
 + Level 1.7 Invocations
 - Level 2.0 Evocations


You had 11 spell levels left.
You knew the following spells:

 Your Spells              Type           Power      Damage    Failure   Level
a - Apportation           Tloc           54%        N/A       3%          1
b - Dazzling Flash        Conj/Hex       80%        N/A       4%          3

Your spell library contained the following spells:

 Spells                   Type           Power      Damage    Failure   Level
 Gell's Gravitas          Tloc           27%        N/A       10%         3
 Teleport Other           Tloc           27%        N/A       10%         3
 Necrotise                Necr           20%        1d5       11%         1
 Vhi's Electric Charge    Tloc/Air       32%        N/A       17%         3
 Kindle Blastsparks       Fire/Tloc/Air  24%        2d12      22%         3
 Vampiric Draining        Necr           5%         2d6       32%         3
 Silence                  Hex/Air        14%        N/A       58%         5
 Agony                    Necr           5%         N/A       96%         5
 Alistair's Intoxication  Tmut/Pois      3%         N/A       96%         5
 Dispersal                Tloc           13%        N/A       99%         6


Dungeon Overview and Level Annotations

Branches:
Dungeon (9/15)             Temple (1/1) D:6            Lair (1/5) D:8
    Orc (0/2) D:9

Altars:
Ashenzari
Cheibriados
Dithmenos
Fedhas
Gozag
Hepliaklqana
Kikubaaqudgha
Makhleb
Nemelex Xobeh
Okawaru
Qazlal
Ru
Sif Muna
Trog
Uskayaw
Vehumet
Wu Jian
Xom
Yredelemnul

Shops:
D:9 (

Annotations:
Lair:1 Grum


Innate Abilities, Weirdness & Mutations

Your life essence is reduced to manifest your ancestor. (-10% HP)
Your demonic aura sometimes causes spilled blood to erupt in flames.
You have an unusually large brain. (Int +2)
Spells you cast may paralyse nearby enemies.
Your touch may inflict minor irresistible damage on your foes.


Message History

The wolf barely misses you.
The wolf barely misses Servia.
You hit the wolf. Your touch misses the wolf.
The wolf is severely wounded.
The wolf bites you. The wolf completely misses you.
The wolf bites Servia.
Grum barely misses you.
Servia misses the wolf.
You hit the wolf but do no damage. Lightning courses through the wolf!
You kill the wolf!
The wolf bites you but does no damage.
The wolf closely misses Servia.
You miss the wolf. The wolf bites you. Grum barely misses you.
Servia closely misses the wolf.
The wolf bites Servia.
You hit the wolf but do no damage. The wolf barely misses you.
The wolf barely misses Servia.
You completely miss the wolf. Your touch misses the wolf.
Servia hits the wolf.
The wolf misses you.
The wolf bites Servia.
You hit the wolf. Lightning courses through the wolf!
The wolf is almost dead.
The wolf is engulfed in blazing flames.
You kill the wolf!
The wolf bites you.
Servia hits the wolf but does no damage.
The wolf bites you.
You miss the wolf.
The wolf is lightly wounded.
The wolf bites you!
Servia hits the wolf!
You hit the wolf but do no damage.
The wolf is moderately wounded.
The wolf bites you.
Grum hits you from afar with a +0 spear!
* * * LOW HITPOINT WARNING * * *
You hit the wolf.
The wolf is heavily wounded.
Grum is no longer blind.
Servia hits the wolf.
The wolf closely misses you.
You puncture the wolf!
The wolf is almost dead.
The wolf misses you. Grum barely misses you.
Servia hits the wolf.
The wolf dies!
Training target 5.0 for Dodging reached!
Your Dodging skill increases to level 5!
Grum hits you with a +0 spear!
You die...

#....# P....# ##.
#....# .....##
#..#####....# ......#
#..........# ...#..#
#..........# .....##
#..........# ...#.#
#..........##
####.######.....g°...P#
................@[...##
###.+#.#.........°R...#
.......#.............##
..........#####+#....#
†......#..#.....#....#
.###...#..#..........#
..........#.....#....#
#########.#.....#....#
#R#.....#....P#


You could see the friendly Servia the ancestor and Grum (ally target).

Vanquished Creatures
  A cane toad (Lair:1)
  A hornet (D:8)
  A wyvern (D:9)
  2 basilisks (Lair:1)
  An acid dragon (D:9)
  9 water moccasins
  2 orc warriors (D:9)
  A sky beast (D:8)
  4 black bears
  5 ogres
  2 wolves (Lair:1)
  3 centaurs
  A phantom (D:5)
  A kobold brigand (D:6)
  2 gnoll sergeants (D:9)
  4 bullfrogs
  4 scorpions
  10 wights
  3 killer bees (D:8)
  9 orc priests
  2 gnoll boudas
  4 hounds
  5 iguanas
  3 jellies
  Crazy Yiuf (D:5)
  Ijyb (D:5)
  8 orc wizards
  15 gnolls
  2 adders
  6 white imps
  2 ufetubi
  3 dart slugs (D:1)
  45 orcs
  A bat (D:2)
  7 endoplasms
  5 giant cockroaches
  2 goblins
  A hobgoblin (D:2)
  A quokka (D:1)
  3 ball pythons
  4 frilled lizards
  12 kobolds
  2 rats
201 creatures vanquished.

Vanquished Creatures (collateral kills)
  A wolf (Lair:1)
  A gnoll (D:9)
  3 orcs (D:9)
5 creatures vanquished.

Vanquished Creatures (others)
  21 fungi
  10 plants
31 creatures vanquished.

Grand Total: 237 creatures vanquished

Notes
Turn   | Place    | Note
-------+----------+-------------------------------------------
     0 | D:1      | IdlyInterested the Demonspawn Wanderer began the quest for
                  | the Orb.
     0 | D:1      | IdlyInterested set off with the following items: a +1
                  | spear, a potion of invisibility, a +0 robe; and the
                  | following spell memorised: Apportation; and the following
                  | spells available to memorise: Vhi's Electric Charge, Kindle
                  | Blastsparks.
     0 | D:1      | Reached XP level 1. HP: 16/16 MP: 2/2
    81 | D:1      | Found a faded altar of an unknown god.
   463 | D:1      | Gained mutation: You have an unusually large brain. (Int
                  | +2) [demonic ancestry]
   463 | D:1      | Reached XP level 2. HP: 22/22 MP: 3/3
   484 | D:1      | Reached skill level 1 in Throwing
  1185 | D:2      | Identified a scroll of acquirement
  1185 | D:2      | Acquired a book of the Senses
  1441 | D:2      | Gained mutation: Spells you cast may paralyse adjacent
                  | enemies. [demonic ancestry]
  1441 | D:2      | Reached XP level 3. HP: 27/28 MP: 4/4
  1502 | D:2      | Reached skill level 1 in Dodging
  1839 | D:3      | Identified the +0 robe of Slovenliness {rN+ rCorr Archmagi}
  1920 | D:2      | Learned a level 3 spell: Dazzling Flash
  2558 | D:4      | Noticed an ogre
  2568 | D:4      | Killed an ogre
  2569 | D:4      | Reached skill level 1 in Short Blades
  2569 | D:4      | Reached XP level 4. HP: 30/34 MP: 1/5
  2702 | D:4      | Gained mutation: Your touch may inflict minor irresistible
                  | damage on your foes. [demonic ancestry]
  2702 | D:4      | Reached XP level 5. HP: 31/39 MP: 4/6
  2880 | D:4      | Reached skill level 2 in Short Blades
  3355 | D:5      | Entered Level 5 of the Dungeon
  3383 | D:5      | Reached skill level 1 in Hexes
  3439 | D:5      | Noticed an ogre
  3445 | D:5      | Noticed a phantom
  3448 | D:5      | Gained mutation: Your demonic aura sometimes causes spilled
                  | blood to erupt in flames. [demonic ancestry]
  3448 | D:5      | Reached XP level 6. HP: 41/46 MP: 7/7
  3455 | D:5      | Reached skill level 3 in Short Blades
  3455 | D:5      | Reached skill level 1 in Unarmed Combat
  3545 | D:5      | Gained mutation: Spells you cast may paralyse nearby
                  | enemies. [demonic ancestry]
  3545 | D:5      | Reached XP level 7. HP: 38/51 MP: 6/8
  3634 | D:5      | Reached skill level 4 in Short Blades
  3857 | D:5      | Reached skill level 1 in Conjurations
  3857 | D:5      | Reached XP level 8. HP: 57/57 MP: 9/9
  3962 | D:5      | Noticed Ijyb
  3971 | D:5      | Killed Ijyb
  3972 | D:5      | Reached skill level 5 in Short Blades
  4473 | D:5      | Found a runed translucent door.
  4474 | D:5      | Noticed Crazy Yiuf
  4482 | D:5      | Killed Crazy Yiuf
  4490 | D:5      | Upgraded the game from 0.30-a0-218-gedb9141078 to
                  | 0.30-a0-219-gf2db51d15e
  4529 | D:6      | Found a staircase to the Ecumenical Temple.
  4799 | D:6      | Reached skill level 6 in Short Blades
  4799 | D:6      | Reached skill level 5 in Hexes
  4799 | D:6      | Reached XP level 9. HP: 51/62 MP: 12/12
  4852 | D:6      | Found a stormy altar of Qazlal.
  4974 | D:6      | Found a basalt altar of Yredelemnul.
  4978 | D:6      | Found a sacrificial altar of Ru.
  4978 | D:6      | Found a shadowy altar of Dithmenos.
  5102 | Temple   | Entered the Ecumenical Temple
  5456 | D:6      | Found a sparkling altar of Nemelex Xobeh.
  6383 | Temple   | Became a worshipper of Hepliaklqana the Forgotten
  6620 | D:8      | Reached skill level 7 in Short Blades
  6793 | D:8      | Reached XP level 10. HP: 51/71 MP: 11/13
  6896 | D:8      | Found a staircase to the Lair.
  6907 | D:8      | You fall into a shaft and drop 1 floor!
  6908 | D:9      | Found Nathamau's Weapon Shoppe.
  6916 | D:9      | Bought 5 poisoned darts for 32 gold pieces
  7108 | D:8      | Reached skill level 8 in Short Blades
  7118 | D:8      | Reached * piety under Hepliaklqana
  8180 | D:9      | Found a staircase to the Orcish Mines.
  8560 | Lair:1   | Entered Level 1 of the Lair of Beasts
  8578 | Lair:1   | Identified the +2 robe "Vuomo" {rPois rF++ Stlth+}
  8607 | Lair:1   | Noticed a cane toad
  8612 | Lair:1   | Killed a cane toad
  8745 | Lair:1   | Noticed Grum
  8763 | Lair:1   | Reached skill level 5 in Dodging
  8763 | Lair:1   | Slain by Grum

Illustrated notes

Levels and vault maps discovered:
D:1:      dpeg_arrival_leaves_temple_mockup, layout_basic,
          ebering_ecumenical_altar_petrified
D:2:      layout_loops_ring
D:3:      layout_basic
D:4:      layout_basic
D:5:      wander_river, layout_loops_ring, elyvilon_altar_1, uniq_ijyb,
          uniq_crazy_yiuf_cottage
D:6:      layout_basic, kennysheep_mini, nicolae_qazlal_eye_of_the_storm,
          gammafunk_temple_overflow_forgotten, minmay_temple_entry_purple_smoke
D:7:      layout_basic
D:8:      layout_basic, mainiacjoe_overflow_24_doors,
          due_lair_maze_entry_diamond
D:9:      layout_basic, hiddenorc2_lemuel, serial_shops,
          nicolae_shop_bloodbath_and_beyond
Temple:   regret_index_temple_generic_petals
Lair:1:   layout_chaotic_city, uniq_grum

Skill      XL: |  1  2  3  4  5  6  7  8  9 10 |
---------------+-------------------------------+-----
Translocations | 2 3 |  3.0
Throwing       | 1 2 |  2.0
Dodging        | 2 3 4 5 |  5.0
Short Blades   | 1 2 3 4 6 7 8 |  8.7
Hexes          | 1 3 4 5 6 |  6.7
Stealth        | 2 3 4 |  4.0
Unarmed Combat | 1 2 3 4 |  4.0
Conjurations   | 1 2 3 |  3.0
Spellcasting   | 2 3 |  3.0
Fighting       | 3 4 |  4.0
Evocations     | 2 |  2.0
Polearms       | |  1.0
Armour         | |  1.0
Invocations    | |  1.7

Action                   |  1- 3 |  4- 6 |  7- 9 | 10-12 || total
-------------------------+-------+-------+-------+-------++-------
Melee: Spear             |    90 |       |       |       ||    90
       Punch             |     1 |     1 |     7 |     3 ||    12
       Dagger            |    44 |    61 |   300 |   140 ||   545
       Touch             |       |     9 |    58 |    31 ||    98
Throw: Stone             |     8 |    15 |     8 |       ||    31
       Dart              |     2 |     1 |    19 |     4 ||    26
 Cast: Apportation       |     3 |     4 |    14 |     2 ||    23
       Dazzling Flash    |       |       |       |     7 ||     7
  Use: Scroll            |    12 |       |     8 |     3 ||    23
       Potion            |       |       |     3 |       ||     3
 Stab: Sleeping          |     6 |     4 |     9 |     6 ||    25
       Paralysed         |       |     5 |    13 |    12 ||    30
       Invisible         |       |       |       |     3 ||     3
Armor: Robe              |    34 |     9 |    34 |    17 ||    94
Dodge: Dodged            |    59 |    31 |   151 |    91 ||   332

Table legend: (Time is in decaauts)
 A = Elapsed time spent in this place.
 B = Non-inter-level travel time spent in this place.
 C = Inter-level travel time spent in this place.
 D = Time resting spent in this place.
 E = Time spent auto-exploring this place.
 F = Levels seen in this place.
 G = Mean time per level.
                   A        B        C        D        E       F      G
               +--------+--------+--------+--------+--------+-----+--------+
         Total |   8639 |   7486 |   1153 |    720 |   4616 |  11 |  785.4 |
       Dungeon |   8159 |   7054 |   1105 |    688 |   4328 |   9 |  906.6 |
        Temple |    287 |    240 |     47 |      0 |    211 |   1 |  287.0 |
          Lair |    192 |    192 |      0 |     32 |     77 |   1 |  192.0 |
               +--------+--------+--------+--------+--------+-----+--------+

Top non-repeatable levels by time:
     D:5: 1219 daAuts
     D:1: 1133 daAuts
     D:9: 976 daAuts
     D:8: 967 daAuts
     D:4: 966 daAuts
     D:7: 865 daAuts
     D:2: 752 daAuts
     D:6: 684 daAuts
     D:3: 593 daAuts
  Temple: 287 daAuts
  Lair:1: 192 daAuts
